 Dungeon Crawl Stone Soup version 0.15-a0-1154-gddcb950 (webtiles) character file.

120 Amnesiac the Cudgeler (level 5, -10/45 HPs)
             Began as an Ogre Enchanter on May 30, 2014.
             Mangled by an orc warrior
             ... wielding a +0,+0 war axe
              (23 damage)
             ... on Level 3 of the Dungeon.
             The game lasted 00:06:53 (2418 turns).

Amnesiac the Cudgeler (Ogre Enchanter)              Turns: 2418, Time: 00:06:53

HP -10/45        AC  4     Str 18      XL: 5   Next:  4%
MP   0/9         EV 10     Int 15      God:
Gold 53          SH  0     Dex 10      Spells:  3 memorised,  2 levels left

rFire  . . .     SeeInvis .     o - +2,+0 short sword (drain)
rCold  . . .     Clarity  .     b - +1 robe
rNeg   . . .     rCorr    .     (shield restricted)
rPois  .         rRot     .     (helmet restricted)
rElec  .         Spirit   .     (no cloak)
SustAb .         Warding  .     (gloves unavailable)
rMut   .         Stasis   .     (boots unavailable)
Gourm  .                        (no amulet)
MR     .....                    (no ring)
                                q - ring of wizardry

@: mighty, lethally poisoned, very slightly contaminated, not resistant to
hostile enchantments, very unstealthy
A: unfitting armour, tough skin 1
a: no special abilities


You were on level 3 of the Dungeon.
You were hungry.

You visited 1 branch of the dungeon, and saw 3 of its levels.

You collected 53 gold pieces.

Inventory:

Hand weapons
 a - a +1,+1 club
 o - a +2,+0 short sword of draining (weapon)
Missiles
 d - 12 darts (quivered)
 p - a throwing net
 t - 5 poisoned darts
Armour
 b - a +1 robe (worn)
Comestibles
 f - 2 meat rations
 i - a bread ration
 j - 3 fruits
Scrolls
 g - a scroll of magic mapping
 h - 6 scrolls of teleportation {unknown}
 k - a scroll of identify {unknown}
 m - a scroll of remove curse {unknown}
 r - a scroll of enchant armour {unknown}
Jewellery
 q - a ring of wizardry (left hand)
Potions
 e - a potion of flight
 l - a potion of curing
 s - a potion of resistance {unknown}
Books
 c - a book of Maledictions

   Spells                             Type                      Level
   *Corona                            Hexes                        1
   Sure Blade                         Hexes/Charms                 2
   Ensorcelled Hibernation            Hexes/Ice                    2
   *Confuse                           Hexes                        3
   *Dazzling Spray                    Conjuration/Hexes            3
   Enslavement                        Hexes                        4


   Skills:
 - Level 4.7 Maces & Flails
 - Level 1.1 Throwing
 - Level 1.7 Dodging
 - Level 1.5 Stealth
 + Level 2.5 Spellcasting
 - Level 3.1 Hexes


You had 2 spell levels left.
You knew the following spells:

 Your Spells              Type           Power        Failure   Level  Hunger
a - Corona                Hex            ##.....      3%          1    #......
e - Dazzling Spray        Conj/Hex       #.......     14%         3    ####...
f - Confuse               Hex            ##......     9%          3    ####...


Dungeon Overview and Level Annotations

Branches:
Dungeon (3/15)

Altars:
Gozag
Vehumet


Innate Abilities, Weirdness & Mutations

You are too large for most types of armour.
You have tough skin (AC +1).


Message History

The orc warrior misses you.
Casting: Dazzling Spray
Confirm with . or Enter, or press ? or * to list all spells.
Aiming: Dazzling Spray
Press: ? - help, Shift-Dir - straight line, f - orc warrior
Aim: an orc warrior, wielding a war axe and wearing a chain mail You miscast Dazzling Spray.
You are very lightly contaminated with residual magic.
Multicoloured lights dance before your eyes!
The adder bites you.
You are poisoned.
The adder poisons you!
The orc warrior hits you with a war axe!
The adder bites you but does no damage.
Drink which item? (? for menu, Esc to quit)
You feel very mighty all of a sudden.
It was a potion of might.
You feel sick. The adder bites you.
The orc warrior hits you with a war axe!!
Ouch! That really hurt!
You die...

*,.....,* *,* * #,,,,,,,,,,,
**#...#** *,* ,,...,,,,,*** ,
#...# *,**,#.#,* ,,****** #...#
*,,,...###**,** ,,, #...#
######......,, ,, **,
####...######............,,,,,,
,
............#..#.##.....,,,,,,
,, ..............###S#,,,.,,,,,
,,,,
............##.#@##,,,,,,,,,,,,
, ####...########o##****,,
,,,,* ,, #...# #.# *,,..,,,***,
#...# #.# ***Y..**** , #...#
#.# *#....,,,,, #...#
#.#######.....#**** ##.##
#....Y.#....... ****#.***
*######.#.......* ,,,,,,, ** *
,** #.#.......#


You could see an orc warrior and an adder.

Vanquished Creatures
  2 orc priests (D:3)
  3 adders (D:2)
  A giant mite (D:2)
  A worm (D:2)
  A giant gecko (D:1)
  2 oozes
  3 orcs
  7 hobgoblins
  3 jackals (D:1)
  7 kobolds
  9 bats
  4 giant cockroaches
  2 giant newts
  2 goblins
  6 rats
53 creatures vanquished.

Notes
Turn   | Place    | Note
--------------------------------------------------------------
     0 | D:1      | Amnesiac, the Ogre Enchanter, began the quest for the Orb.
     0 | D:1      | Reached XP level 1. HP: 16/16 MP: 3/3
   270 | D:1      | Reached XP level 2. HP: 13/24 MP: 5/5
   719 | D:1      | Reached skill level 3 in Maces & Flails
   990 | D:1      | Reached XP level 3. HP: 20/31 MP: 6/6
   995 | D:1      | Learned a level 3 spell: Dazzling Spray
   999 | D:1      | Learned a level 3 spell: Confuse
  1119 | D:2      | Found an opulent altar of Gozag.
  1388 | D:2      | Reached XP level 4. HP: 35/39 MP: 4/8
  2071 | D:3      | Reached skill level 4 in Maces & Flails
  2071 | D:3      | Reached XP level 5. HP: 16/45 MP: 0/9
  2273 | D:2      | Found a radiant altar of Vehumet.
  2349 | D:3      | Noticed a sky beast
  2415 | D:3      | Noticed an orc warrior
  2418 | D:3      | Mangled by an orc warrior

Action                   |  1- 3 |  4- 6 || total
-------------------------+-------+-------++-------
Melee: Club              |   100 |       ||   100
       Short sword       |    27 |    59 ||    86
 Cast: Corona            |     4 |       ||     4
       Dazzling Spray    |     1 |     6 ||     7
       Confuse           |       |     2 ||     2
  Use: Potion            |       |     3 ||     3
       Scroll            |       |     1 ||     1
 Stab: Sleeping          |     1 |     1 ||     2
       Invisible         |       |     2 ||     2
